 Dungeon Crawl Stone Soup version 0.31-a0-182-gc5ef74bbde (webtiles) character file.

Game seed: 2649275067819046993

3105 qw the Skirmisher (level 9, -5/86 HPs)
             Began as a Naga Hunter on June 20, 2023.
             Was a Follower of Okawaru.
             Killed from afar by a steam dragon (16 damage)
             ... with a ball of steam
             ... on level 8 of the Dungeon.
             The game lasted 00:02:37 (7470 turns).

qw the Skirmisher (Naga Hunter)                     Turns: 7470, Time: 00:02:38

Health: -5/86      AC:  8    Str: 13    XL:     9   Next: 90%
Magic:  11/12      EV: 19    Int:  9    God:    Okawaru [*.....]
Gold:   466        SH:  0    Dex: 20    Spells: 8/8 levels left

rFire   . . .        r - +0 orcbow
rCold   . . .        (shield currently unavailable)
rNeg    . . .        c - +0 leather armour
rPois   +            l - +0 helmet
rElec   .            (no cloak)
rCorr   .            n - +1 pair of gloves
SInv    +            (no barding)
Will    +....        (no amulet)
Stlth   +++          h - +5 ring of evasion
HPRegen 0.34/turn    (no ring)
MPRegen 0.13/turn

%: no passive effects
@: about to teleport, short of breath, heroic, very slow
A: AC +3, large, see invisible, deformed body, poison resistance, slowness 2,
spit poison 1, naga tail 1, wild magic 1
a: Spit Poison, Renounce Religion, Heroism


You were on level 8 of the Dungeon.
You worshipped Okawaru.
Okawaru was aware of your devotion.
You visited 1 branch of the dungeon, and saw 10 of its levels.

You collected 466 gold pieces.


Innate Abilities, Weirdness & Mutations

Your serpentine skin is tough. (AC +3)
You have supernaturally acute eyesight. (SInv)
Armour fits poorly on your strangely shaped body.
Your system is resistant to poisons. (rPois)
You cover ground very slowly.
You can spit poison.
You have a snake-like lower body.
Your spells are a little harder to cast, but a little more powerful.


   Skills:
 - Level 7.0(12.0) Fighting
 + Level 10.1(15.1) Ranged Weapons
 - Level 1.2(6.2) Armour
 - Level 3.1(8.1) Dodging
 - Level 1.5(6.5) Stealth
 - Level 4.2 Invocations


You had 8 spell levels left.
You didn't know any spells.
Your spell library was empty.

Inventory:

Hand Weapons
 r - a +0 orcbow (weapon)
Armour
 c - a +0 leather armour (worn)
 l - a +0 helmet (worn)
 n - a +1 pair of gloves (worn)
Jewellery
 h - a +5 ring of evasion (left hand)
Scrolls
 m - a scroll of teleportation
 q - a scroll of identify
Potions
 b - 2 potions of resistance
 d - 2 potions of curing
 e - a potion of magic
 g - a potion of haste
 i - 2 potions of might
 k - a potion of berserk rage {unknown}
 o - a potion of mutation
 p - a potion of attraction {unknown}
 s - a potion of enlightenment

Dungeon Overview and Level Annotations

Branches:
Dungeon (10/15)            Temple (0/1) D:6
   Lair: D:8-11         Orc: D:9-12

Altars:
Ashenzari
Elyvilon
Fedhas
Kikubaaqudgha
Okawaru
Qazlal
Ru
Trog
Wu Jian
Xom
The Shining One

Annotations:
D:6 2 runed translucent doors, qw's ghost, novice GrFi
D:8 exclusion: ice beast


Message History

You feel like a meek peon again. The steam dragon bites you.
The steam dragon closely misses you.
7462 ||| INVOKING Heroism.
You gain the combat prowess of a mighty hero.
The steam dragon breathes steam at you. The ball of steam hits you!
7463 ||| INVOKING Spit Poison.
Aiming: Spit Poison (1% risk of failure)
Press: ? - help, Shift-Dir - straight line, f/p - steam dragon The splash of poison misses the steam dragon.
You are engulfed in a cloud of scalding steam.
The steam dragon completely misses you. The steam dragon misses you.
You shoot an arrow. The arrow hits the steam dragon.
The steam dragon is moderately wounded.
You are engulfed in a cloud of scalding steam.
The steam dragon barely misses you. The steam dragon misses you.
You shoot an arrow.
The arrow closely misses the steam dragon.
You shoot an arrow. The arrow hits the steam dragon!
The steam dragon is heavily wounded.
The steam dragon breathes steam at you. The ball of steam hits you!
7467 ||| READING 2 scrolls of teleportation.
As you read the scroll of teleportation, it crumbles to dust.
You feel strangely unstable.
You are engulfed in a cloud of scalding steam.
The steam dragon bites you but does no damage.
The steam dragon claws you.
You shoot an arrow.
The arrow barely misses the steam dragon.
You are engulfed in a cloud of scalding steam.
The steam dragon closely misses you. The steam dragon barely misses you.
You shoot an arrow.
The arrow closely misses the steam dragon.
The steam dragon closely misses you. The steam dragon misses you.
You shoot an arrow. The arrow hits the steam dragon!
The steam dragon is almost dead.
The steam dragon breathes steam at you. The ball of steam hits you!
You die...

###########
#.........#
#@#######.#######
#D# #.......#
.Do.o.))# #.)####.#
#.)o##### #.)### ##
######### #....#
#.......# ##.#.# #
#.......# #[#.##.#
#### #>......#
#.)....# #..#
#.......##....#.####


You could see a steam dragon (catching breath).

Vanquished Creatures
  Grinder (D:6)
  A wyvern (D:10)
  3 steam dragons (D:7)
  A water moccasin (D:8)
  3 black bears
  2 ice beasts (D:8)
  3 centaurs
  An ogre (D:7)
  A phantom (D:5)
  6 bullfrogs
  3 killer bees (D:10)
  A howler monkey (D:6)
  A jelly (D:7)
  6 orc priests
  4 hounds
  Jessica (D:3)
  5 iguanas
  6 orc wizards
  Robin (D:3)
  8 gnolls
  4 adders
  3 ufetubi
  3 worms
  27 orcs
  7 ball pythons
  5 bats
  4 endoplasms
  A giant cockroach (D:3)
  10 goblins
  7 hobgoblins
  6 jackals
  7 kobolds
  2 quokkas
  3 frilled lizards
  4 rats
151 creatures vanquished.

Vanquished Creatures (others)
  A gnoll (D:7)
  An orc (D:7)
2 creatures vanquished.

Grand Total: 153 creatures vanquished

Notes
Turn   | Place    | Note
-------+----------+-------------------------------------------
     0 | D:1      | qw the Naga Hunter began the quest for the Orb.
     0 | D:1      | Reached XP level 1. HP: 19/19 MP: 1/1
     0 | D:1      | 0 ||| qw: Version: 0.3-a-9-g12657ce
     0 | D:1      | 0 ||| qw: Game counter: 1216
     0 | D:1      | 0 ||| qw: Always use a shield: true
     0 | D:1      | 0 ||| qw: God list: Okawaru
     0 | D:1      | 0 ||| qw: Allow faded altars: false
     0 | D:1      | 0 ||| qw: Do Orc after D:15 true
     0 | D:1      | 0 ||| qw: Do second Lair branch before Depths: true
     0 | D:1      | 0 ||| qw: Lair rune preference: random
     0 | D:1      | 0 ||| qw: Plans: Normal
     0 | D:1      | 0 ||| PLANNING D:1-11
    48 | D:1      | 48 ||| INVOKING Spit Poison.
    53 | D:1      | 53 ||| INVOKING Spit Poison.
    75 | D:1      | 75 ||| INVOKING Spit Poison.
    76 | D:1      | Reached skill level 4 in Ranged Weapons
    76 | D:1      | Reached XP level 2. HP: 26/26 MP: 2/2
   164 | D:1      | 164 ||| INVOKING Spit Poison.
   180 | D:1      | 180 ||| INVOKING Spit Poison.
   183 | D:1      | 183 ||| INVOKING Spit Poison.
   231 | D:1      | 231 ||| INVOKING Spit Poison.
   284 | D:1      | 284 ||| INVOKING Spit Poison.
   345 | D:1      | 345 ||| INVOKING Spit Poison.
   353 | D:1      | 353 ||| INVOKING Spit Poison.
   359 | D:1      | Reached XP level 3. HP: 32/32 MP: 3/3
   505 | D:1      | 505 ||| INVOKING Spit Poison.
   700 | D:1      | 700 ||| READING scroll labelled BEKKOLOEN.
   701 | D:1      | 701 ||| READING scroll labelled PYACZI OCOT.
   702 | D:1      | 702 ||| DROPPING scroll of butterflies.
   759 | D:2      | 759 ||| INVOKING Spit Poison.
  1080 | D:2      | 1080 ||| INVOKING Spit Poison.
  1083 | D:2      | 1083 ||| INVOKING Spit Poison.
  1087 | D:2      | 1087 ||| INVOKING Spit Poison.
  1127 | D:2      | 1127 ||| INVOKING Spit Poison.
  1141 | D:2      | 1141 ||| INVOKING Spit Poison.
  1150 | D:2      | 1150 ||| INVOKING Spit Poison.
  1237 | D:2      | 1237 ||| INVOKING Spit Poison.
  1285 | D:2      | 1285 ||| INVOKING Spit Poison.
  1358 | D:2      | 1358 ||| INVOKING Spit Poison.
  1573 | D:2      | 1573 ||| UPGRADING to +5 ring of evasion.
  1574 | D:2      | 1574 ||| READING scroll labelled QADINA UGHERPHI.
  1575 | D:2      | 1575 ||| READING scroll labelled HAITAODD OGOIM.
  1579 | D:2      | 1579 ||| DRINKING 2 pink potions.
  1580 | D:2      | 1580 ||| DRINKING 2 bubbling cyan potions.
  1596 | D:3      | 1596 ||| INVOKING Spit Poison.
  1601 | D:3      | 1601 ||| INVOKING Spit Poison.
  1607 | D:3      | Reached skill level 5 in Ranged Weapons
  1607 | D:3      | Reached XP level 4. HP: 39/39 MP: 4/4
  1629 | D:3      | 1629 ||| INVOKING Spit Poison.
  1646 | D:3      | 1646 ||| INVOKING Spit Poison.
  1656 | D:3      | 1656 ||| INVOKING Spit Poison.
  1674 | D:3      | Found a stormy altar of Qazlal.
  1692 | D:3      | Noticed Jessica
  1695 | D:3      | 1695 ||| INVOKING Spit Poison.
  1701 | D:3      | 1701 ||| INVOKING Spit Poison.
  1701 | D:3      | Killed Jessica
  1715 | D:3      | 1715 ||| INVOKING Spit Poison.
  1742 | D:3      | 1742 ||| INVOKING Spit Poison.
  1746 | D:3      | 1746 ||| INVOKING Spit Poison.
  1752 | D:3      | 1752 ||| INVOKING Spit Poison.
  1756 | D:3      | 1756 ||| INVOKING Spit Poison.
  1757 | D:3      | Reached skill level 3 in Fighting
  1757 | D:3      | Reached XP level 5. HP: 29/49 MP: 5/5
  1845 | D:3      | 1845 ||| INVOKING Spit Poison.
  1849 | D:3      | 1849 ||| INVOKING Spit Poison.
  1852 | D:3      | 1852 ||| INVOKING Spit Poison.
  1903 | D:3      | 1903 ||| INVOKING Spit Poison.
  1908 | D:3      | 1908 ||| INVOKING Spit Poison.
  2167 | D:3      | 2167 ||| INVOKING Spit Poison.
  2169 | D:3      | Noticed Robin
  2172 | D:3      | 2172 ||| INVOKING Spit Poison.
  2176 | D:3      | 2176 ||| INVOKING Spit Poison.
  2176 | D:3      | Killed Robin
  2179 | D:3      | 2179 ||| INVOKING Spit Poison.
  2391 | D:3      | 2391 ||| INVOKING Spit Poison.
  2406 | D:3      | 2406 ||| INVOKING Spit Poison.
  2479 | D:3      | 2479 ||| UPGRADING to +0 helmet.
  2484 | D:3      | 2484 ||| READING scroll labelled SAOTOHESAUS.
  2485 | D:3      | 2485 ||| READING scroll labelled JAIPNU DETSAES.
  2486 | D:3      | 2486 ||| DRINKING 2 puce potions.
  2487 | D:3      | 2487 ||| DRINKING 2 coppery potions.
  2515 | D:4      | 2515 ||| INVOKING Spit Poison.
  2519 | D:4      | 2519 ||| INVOKING Spit Poison.
  2526 | D:4      | 2526 ||| INVOKING Spit Poison.
  2578 | D:4      | 2578 ||| INVOKING Spit Poison.
  2584 | D:4      | 2584 ||| INVOKING Spit Poison.
  2607 | D:4      | 2607 ||| INVOKING Spit Poison.
  2609 | D:4      | Reached XP level 6. HP: 56/56 MP: 6/6
  2677 | D:4      | 2677 ||| INVOKING Spit Poison.
  2680 | D:4      | Reached skill level 6 in Ranged Weapons
  2715 | D:4      | Found a glowing golden altar of the Shining One.
  2733 | D:4      | 2733 ||| INVOKING Spit Poison.
  2736 | D:4      | 2736 ||| INVOKING Spit Poison.
  2739 | D:4      | 2739 ||| INVOKING Spit Poison.
  2810 | D:4      | 2810 ||| INVOKING Spit Poison.
  2823 | D:4      | 2823 ||| INVOKING Spit Poison.
  2828 | D:4      | 2828 ||| INVOKING Spit Poison.
  2831 | D:4      | 2831 ||| INVOKING Spit Poison.
  2834 | D:4      | 2834 ||| INVOKING Spit Poison.
  2838 | D:4      | 2838 ||| INVOKING Spit Poison.
  2944 | D:4      | Noticed a black bear
  2945 | D:4      | 2945 ||| INVOKING Spit Poison.
  2950 | D:4      | 2950 ||| INVOKING Spit Poison.
  2953 | D:4      | Killed a black bear
  3162 | D:4      | 3162 ||| INVOKING Spit Poison.
  3163 | D:4      | Reached XP level 7. HP: 64/64 MP: 7/7
  3203 | D:4      | 3203 ||| UPGRADING to +0 pair of gloves.
  3208 | D:4      | 3208 ||| READING scroll labelled DIAHENL GEULO.
  3216 | D:5      | Entered Level 5 of the Dungeon
  3268 | D:5      | 3268 ||| INVOKING Spit Poison.
  3273 | D:5      | 3273 ||| INVOKING Spit Poison.
  3277 | D:5      | 3277 ||| INVOKING Spit Poison.
  3321 | D:5      | Found a white marble altar of Elyvilon.
  3333 | D:5      | 3333 ||| INVOKING Spit Poison.
  3360 | D:5      | Found a sacrificial altar of Ru.
  3441 | D:5      | 3441 ||| FLEEEEING.
  3457 | D:5      | 3457 ||| INVOKING Spit Poison.
  3459 | D:5      | 3459 ||| FLEEEEING.
  3460 | D:5      | 3460 ||| FLEEEEING.
  3461 | D:5      | 3461 ||| FLEEEEING.
  3463 | D:5      | 3463 ||| FLEEEEING.
  3464 | D:5      | 3464 ||| FLEEEEING.
  3465 | D:5      | 3465 ||| STAIRDANCE
  3489 | D:5      | 3489 ||| INVOKING Spit Poison.
  3501 | D:5      | 3501 ||| INVOKING Spit Poison.
  3540 | D:5      | 3540 ||| INVOKING Spit Poison.
  3652 | D:5      | Found an ancient bone altar of Kikubaaqudgha.
  3653 | D:5      | 3653 ||| INVOKING Spit Poison.
  3857 | D:5      | Found a bloodstained altar of Trog.
  3857 | D:5      | Found an iron altar of Okawaru.
  3858 | D:5      | 3858 ||| PLANNING OKAWARU WORSHIP
  3859 | D:5      | 3859 ||| READING 2 scrolls labelled JUWEPA TUUK.
  3860 | D:5      | 3860 ||| READING scroll of enchant armour.
  3860 | D:5      | 3860 ||| ENCHANTING +0 pair of gloves.
  3868 | D:5      | Became a worshipper of Warmaster Okawaru
  3869 | D:5      | 3869 ||| PLANNING D:1-11
  3900 | D:5      | Found a shimmering altar of Xom.
  3934 | D:5      | Reached skill level 7 in Ranged Weapons
  3963 | D:6      | Found a staircase to the Ecumenical Temple.
  3968 | D:6      | 3968 ||| INVOKING Spit Poison.
  3971 | D:6      | 3971 ||| INVOKING Spit Poison.
  3991 | D:6      | 3991 ||| INVOKING Spit Poison.
  3994 | D:6      | Reached skill level 1 in Armour
  3998 | D:6      | 3998 ||| INVOKING Spit Poison.
  4003 | D:6      | 4003 ||| INVOKING Spit Poison.
  4026 | D:6      | 4026 ||| INVOKING Spit Poison.
  4106 | D:6      | Found a large runed translucent door.
  4106 | D:6      | Found a large runed translucent door.
  4139 | D:6      | Noticed qw's ghost (novice GrFi)
  4195 | D:6      | 4195 ||| INVOKING Spit Poison.
  4348 | D:6      | 4348 ||| INVOKING Spit Poison.
  4363 | D:6      | Noticed Grinder
  4378 | D:6      | Paralysed by Grinder for 5 turns
  4395 | D:6      | Killed Grinder
  4395 | D:6      | Reached * piety under Okawaru
  4396 | D:6      | Reached skill level 8 in Ranged Weapons
  4396 | D:6      | Reached XP level 8. HP: 45/72 MP: 8/8
  4606 | D:6      | 4606 ||| INVOKING Spit Poison.
  4835 | D:6      | 4835 ||| INVOKING Spit Poison.
  4893 | D:6      | 4893 ||| DRINKING 2 orange potions.
  4894 | D:6      | 4894 ||| DRINKING 2 cyan potions.
  4894 | D:6      | Gained mutation: Your spells are a little harder to cast,
                  | but a little more powerful. [potion of mutation]
  4920 | D:7      | 4920 ||| INVOKING Spit Poison.
  4925 | D:7      | 4925 ||| INVOKING Heroism.
  4926 | D:7      | 4926 ||| INVOKING Spit Poison.
  4929 | D:7      | Reached skill level 1 in Invocations
  5007 | D:7      | 5007 ||| INVOKING Heroism.
  5041 | D:7      | 5041 ||| INVOKING Heroism.
  5042 | D:7      | 5042 ||| Stepping ~*~*~tactically~*~*~ (outnumbered).
  5043 | D:7      | 5043 ||| INVOKING Spit Poison.
  5060 | D:7      | 5060 ||| Stepping ~*~*~tactically~*~*~ (outnumbered).
  5064 | D:7      | 5064 ||| INVOKING Spit Poison.
  5070 | D:7      | 5070 ||| INVOKING Spit Poison.
  5073 | D:7      | 5073 ||| Stepping ~*~*~tactically~*~*~ (outnumbered).
  5074 | D:7      | 5074 ||| INVOKING Spit Poison.
  5078 | D:7      | 5078 ||| INVOKING Spit Poison.
  5082 | D:7      | 5082 ||| INVOKING Spit Poison.
  5082 | D:7      | HP: 11/74 [something (15)]
  5316 | D:7      | 5316 ||| INVOKING Heroism.
  5319 | D:7      | 5319 ||| INVOKING Spit Poison.
  5320 | D:7      | 5320 ||| Stepping ~*~*~tactically~*~*~ (cloud).
  5325 | D:7      | 5325 ||| INVOKING Spit Poison.
  5353 | D:7      | 5353 ||| INVOKING Spit Poison.
  5415 | D:7      | 5415 ||| INVOKING Spit Poison.
  5423 | D:7      | 5423 ||| INVOKING Spit Poison.
  5429 | D:7      | Reached skill level 3 in Invocations
  5429 | D:7      | Reached XP level 9. HP: 79/81 MP: 11/11
  5544 | D:7      | 5544 ||| SWAPPING to +0 orcbow.
  5545 | D:7      | 5545 ||| DROPPING +1 shortbow of draining.
  5587 | D:7      | 5587 ||| INVOKING Spit Poison.
  5589 | D:7      | 5589 ||| INVOKING Heroism.
  5593 | D:7      | 5593 ||| Stepping ~*~*~tactically~*~*~ (outnumbered).
  5594 | D:7      | 5594 ||| INVOKING Spit Poison.
  5599 | D:7      | Reached skill level 9 in Ranged Weapons
  5599 | D:7      | 5599 ||| INVOKING Spit Poison.
  5682 | D:7      | 5682 ||| INVOKING Heroism.
  5683 | D:7      | 5683 ||| INVOKING Spit Poison.
  5686 | D:7      | Reached skill level 3 in Dodging
  5729 | D:7      | 5729 ||| INVOKING Spit Poison.
  5777 | D:7      | You fall into a shaft and drop 3 floors!
  5777 | D:10     | Entered Level 10 of the Dungeon
  5800 | D:10     | 5800 ||| INVOKING Spit Poison.
  5844 | D:10     | 5844 ||| INVOKING Spit Poison.
  5848 | D:10     | 5848 ||| INVOKING Spit Poison.
  5894 | D:10     | Found a blossoming altar of Fedhas.
  5944 | D:10     | 5944 ||| INVOKING Spit Poison.
  5950 | D:10     | Reached skill level 6 in Fighting
  5956 | D:10     | 5956 ||| INVOKING Spit Poison.
  5960 | D:10     | 5960 ||| INVOKING Spit Poison.
  5962 | D:10     | 5962 ||| INVOKING Heroism.
  5963 | D:10     | 5963 ||| INVOKING Spit Poison.
  5975 | D:10     | 5975 ||| INVOKING Spit Poison.
  6011 | D:10     | 6011 ||| DRINKING 2 sedimented ruby potions.
  6012 | D:10     | 6012 ||| READING 2 scrolls of identify.
  6012 | D:10     | 6012 ||| IDENTIFYING smoky brown potion
  6013 | D:10     | 6013 ||| DROPPING potion of degeneration.
  6022 | D:9      | Noticed a two-headed ogre
  6023 | D:9      | 6023 ||| INVOKING Heroism.
  6024 | D:9      | 6024 ||| INVOKING Spit Poison.
  6031 | D:9      | HP: 19/82 [two-headed ogre/+0 giant club (12)]
  6032 | D:9      | 6032 ||| READING 3 scrolls of teleportation.
  6033 | D:9      | 6033 ||| DRINKING 2 potions of heal wounds.
  6034 | D:9      | 6034 ||| INVOKING Spit Poison.
  6034 | D:9      | Noticed a hornet
  6036 | D:9      | HP: 11/82 [gnoll/+1 spear of distortion[a gnoll sergeant]
                  | (10)]
  6037 | D:9      | 6037 ||| READING 2 scrolls of teleportation.
  6037 | D:9      | HP: 5/82 [gnoll/+0 club[a gnoll sergeant] (6)]
  6037 | D:9      | HP: 1/82 [gnoll/+1 spear of distortion[a gnoll sergeant]
                  | (4)]
  6038 | D:9      | 6038 ||| DRINKING potion of heal wounds.
  6039 | D:9      | 6039 ||| INVOKING Spit Poison.
  6040 | D:9      | 6040 ||| DRINKING 2 potions of curing.
  6040 | D:9      | 6040 ||| (to cure poison)
  6385 | D:7      | Found an ornate altar of the Wu Jian Council.
  6584 | D:7      | 6584 ||| INVOKING Heroism.
  6585 | D:7      | 6585 ||| INVOKING Spit Poison.
  6591 | D:7      | 6591 ||| INVOKING Spit Poison.
  6595 | D:7      | 6595 ||| INVOKING Spit Poison.
  6805 | D:8      | 6805 ||| INVOKING Spit Poison.
  6808 | D:8      | Reached skill level 10 in Ranged Weapons
  6817 | D:8      | 6817 ||| Stepping ~*~*~tactically~*~*~ (outnumbered).
  6818 | D:8      | 6818 ||| INVOKING Spit Poison.
  6825 | D:8      | 6825 ||| INVOKING Spit Poison.
  6832 | D:8      | 6832 ||| INVOKING Spit Poison.
  6836 | D:8      | 6836 ||| INVOKING Heroism.
  6837 | D:8      | 6837 ||| INVOKING Spit Poison.
  6843 | D:8      | 6843 ||| INVOKING Spit Poison.
  7006 | D:8      | Identified the orb of Jolocecs {*Rage, rF+ Regen+}
  7089 | D:8      | Reached ** piety under Okawaru
  7146 | D:8      | 7146 ||| INVOKING Spit Poison.
  7150 | D:8      | 7150 ||| INVOKING Spit Poison.
  7314 | D:8      | Found a broken altar of Ashenzari.
  7326 | D:8      | 7326 ||| READING 3 scrolls of identify.
  7326 | D:8      | 7326 ||| IDENTIFYING bubbling black potion
  7327 | D:8      | 7327 ||| READING 2 scrolls of identify.
  7327 | D:8      | 7327 ||| IDENTIFYING fizzy ruby potion
  7328 | D:8      | 7328 ||| DROPPING potion of lignification.
  7372 | D:8      | 7372 ||| INVOKING Spit Poison.
  7376 | D:8      | 7376 ||| INVOKING Spit Poison.
  7399 | D:8      | 7399 ||| INVOKING Spit Poison.
  7406 | D:8      | 7406 ||| INVOKING Spit Poison.
  7408 | D:8      | 7408 ||| INVOKING Heroism.
  7437 | D:8      | 7437 ||| INVOKING Heroism.
  7438 | D:8      | 7438 ||| INVOKING Spit Poison.
  7443 | D:8      | 7443 ||| Stepping ~*~*~tactically~*~*~ (outnumbered).
  7444 | D:8      | 7444 ||| INVOKING Spit Poison.
  7449 | D:8      | 7449 ||| INVOKING Spit Poison.
  7458 | D:8      | 7458 ||| INVOKING Spit Poison.
  7462 | D:8      | 7462 ||| INVOKING Heroism.
  7463 | D:8      | 7463 ||| INVOKING Spit Poison.
  7466 | D:8      | HP: 13/86 [steam dragon/ball of steam (11)]
  7467 | D:8      | 7467 ||| READING 2 scrolls of teleportation.
  7470 | D:8      | Killed from afar by a steam dragon

Levels and vault maps discovered:
D:1:      psy_arrival_terrarium, layout_basic
D:2:      layout_loops_corners
D:3:      layout_basic, mainiacjoe_overflow_alcove_1, uniq_robin, uniq_jessica
D:4:      layout_rooms, lemuel_doored_altar
D:5:      layout_loops_ring, grunt_temple_overflow_bloody_war,
          lemuel_tele_altar, nicolae_ru_path_of_blood,
          mainiacjoe_overflow_big_doors, kb_lookout_dungeons_type,
          hangedman_decor_slide_cut, kennysheep_nub
D:6:      layout_loops_corners, minmay_temple_entry_crystal_x,
          ebering_ghost_disaster_area, uniq_grinder
D:7:      layout_basic, nzn_wu_jian_council_hall
D:8:      nicolae_cairo_tiling_very_big, layout_loops_cross,
          makhleb_grotto_becter, cheibrodos_ashenzari_chains
D:9:      layout_gridville, mainiacjoe_overflow_catwalk,
          gammafunk_ghost_berserking_beasts
D:10:     nzn_winding_woodlands_stair_cross [nzn_winding_woodlands_5x15_default,
          nzn_winding_woodlands_center_garden,
          nzn_winding_woodlands_5x15_sidewinder,
          nzn_winding_woodlands_5x5_checkerboard,
          nzn_winding_woodlands_5x5_default,
          nzn_winding_woodlands_5x15_split_checker,
          nzn_winding_woodlands_center_triple_pond,
          nzn_winding_woodlands_5x15_crooked], layout_long_grid, fedhas_altar_3,
          kennysheep_mini_moat, grunt_lair_entry_orc_guard_hut,
          gammafunk_ghost_spectres, chequers_jeans

Skill      XL: |  1  2  3  4  5  6  7  8  9 |
---------------+----------------------------+-----
Ranged Weapons | 4 5 6 8 10 | 10.1
Fighting       | 3 4 5 7 |  7.0
Dodging        | 2 3 |  3.1
Armour         | 1 |  1.2
Invocations    | 3 4 |  4.2
Stealth        | |  1.5

Action                     |  1- 3 |  4- 6 |  7- 9 || total
---------------------------+-------+-------+-------++-------
   Fire: Shortbow          |    53 |   103 |   130 ||   286
         Orcbow            |       |       |   152 ||   152
 Invoke: Heroism           |       |       |    13 ||    13
Ability: Spit Poison       |    23 |    40 |    68 ||   131
    Use: Scroll            |     4 |     2 |     9 ||    15
         Potion            |     2 |     2 |     6 ||    10
 Armour: Leather armour    |     3 |     6 |    56 ||    65
  Dodge: Dodged            |     3 |    39 |   181 ||   223

Table legend:
 A = Non-vault XP
 B = Vault XP
 C = Vault XP percentage of total XP
 D = Non-vault monster count
 E = Vault monster count
 F = Vault count percentage of total count
                 A         B        C        D         E       F
            +---------+---------+-------+---------+---------+-------
      Total |    3560 |     877 |  19.8 |     136 |      15 |   9.9
            +---------+---------+-------+---------+---------+-------
        D:1 |      37 |       0 |   0.0 |      21 |       0 |   0.0
        D:2 |      31 |       0 |   0.0 |      14 |       0 |   0.0
        D:3 |     140 |      64 |  31.4 |      20 |       8 |  28.6
        D:4 |     363 |       0 |   0.0 |      15 |       0 |   0.0
        D:5 |     248 |     124 |  33.3 |      12 |       2 |  14.3
        D:6 |     200 |     262 |  56.7 |      10 |       1 |   9.1
        D:7 |    1263 |       0 |   0.0 |      21 |       0 |   0.0
        D:8 |     851 |       0 |   0.0 |      18 |       0 |   0.0
        D:9 |      43 |       0 |   0.0 |       1 |       0 |   0.0
       D:10 |     384 |     427 |  52.7 |       4 |       4 |  50.0
            +---------+---------+-------+---------+---------+-------
